 Dungeon Crawl Stone Soup version 0.28.0-43-g3370ac3207 (webtiles) character file.

Game seed: 14942427940081786791

114 vvl the Stinger (level 4, -4/30 HPs)
             Began as a Demonspawn Venom Mage on Mar 14, 2022.
             Killed by nerve-wracking pain
             ... invoked by an orc priest
              (9 damage)
             ... on level 4 of the Dungeon.
             The game lasted 00:04:50 (3876 turns).

vvl the Stinger (Demonspawn Venom Mage)             Turns: 3876, Time: 00:04:51

Health: -4/30      AC:  6    Str:  8    XL:     4   Next: 67%
Magic:  2/8        EV: 15    Int: 18    God:
Gold:   129        SH:  0    Dex: 14    Spells: 7/8 levels left

rFire   . . .      SeeInvis .   e - +1 short sword (vamp)
rCold   . . .      Faith    .   (no shield)
rNeg    . . .      Spirit   .   a - +0 robe
rPois   .          Reflect  .   l - +1 hat
rElec   .          Harm     .   (no cloak)
rCorr   .          Rampage  .   d - +2 pair of gloves
Will    .....                   (no boots)
Stlth   ++........              (no amulet)
HPRegen 0.10/turn               (no ring)
MPRegen 0.11/turn               (no ring)

@: no status effects
A: repulsion field 2
a: no special abilities


You were on level 4 of the Dungeon.
You visited 1 branch of the dungeon, and saw 4 of its levels.

You collected 129 gold pieces.

Inventory:

Hand Weapons
 e - a +1 vampiric short sword (weapon)
Missiles
 g - 3 silver javelins
Armour
 a - a +0 robe (worn)
 d - a +2 pair of gloves (worn)
 l - a +1 hat (worn)
Scrolls
 c - 5 scrolls of identify {unknown}
 h - a scroll of teleportation {unknown}
 i - a scroll of torment {unknown}
 o - a scroll of blinking {unknown}
Potions
 b - a potion of degeneration {unknown}
 f - 2 potions of might {unknown}
 j - a potion of flight {unknown}
 k - a potion of experience {unknown}
 m - a potion of magic {unknown}
 n - a potion of heal wounds {unknown}
 p - a potion of resistance {unknown}
 q - a potion of invisibility {unknown}


   Skills:
 - Level 2.0 Dodging
 - Level 2.0 Stealth
 + Level 2.7 Spellcasting
 + Level 2.1 Transmutations
 * Level 4.2 Poison Magic


You had 7 spell levels left.
You knew the following spells:

 Your Spells              Type           Power      Damage    Failure   Level
a - Sting                 Tmut/Pois      56%        1d5       4%          1

Your spell library contained the following spells:

 Spells                   Type           Power      Damage    Failure   Level
 Poisonous Vapours        Pois/Air       20%        N/A       11%         2
 Mephitic Cloud           Conj/Pois/Air  7%         N/A       28%         3
 Olgreb's Toxic Radiance  Pois           17%        N/A       28%         4
 Leda's Liquefaction      Hex/Erth       1%         N/A       86%         4
 Lee's Rapid Deconstruct  Erth           1%         3d5*      99%         5
 Statue Form              Tmut/Erth      4%         N/A       100%        6


Dungeon Overview and Level Annotations

Branches:
Dungeon (4/15)
 Temple: D:4-7

Altars:
Kikubaaqudgha
Uskayaw


Innate Abilities, Weirdness & Mutations

You are surrounded by a moderate repulsion field. (EV +3)


Message History

The orc looks more healthy.
The orc priest calls upon Beogh to heal the orc.
The orc's wounds heal themselves!
The orc hits you with a +0 whip.
The orc priest calls down the wrath of Beogh upon you.
Beogh smites you!
You barely miss the orc. The orc misses you.
You hit the orc.
You feel better.
The orc is moderately wounded.
The orc barely misses you.
You barely miss the orc.
The orc is moderately wounded.
The orc misses you.
Casting: Sting (safe; 4% risk of failure)
Confirm with . or Enter, or press ? or * to list all spells.
Aiming: Sting (safe; 4% risk of failure)
Press: ? - help, Shift-Dir - straight line, f - orc
Aim: an orc, wielding a +0 whip (moderately wounded, 71% to hit)
The sting hits the orc.
The orc is poisoned.
The orc is severely wounded.
The orc completely misses you.
The orc priest invokes the aid of Beogh against you.
Beogh smites you!
* * * LOW HITPOINT WARNING * * *
Casting: Sting (safe; 4% risk of failure)
Confirm with . or Enter, or press ? or * to list all spells.
Aiming: Sting (safe; 4% risk of failure)
Press: ? - help, Shift-Dir - straight line, f/p - orc
Aim: an orc, wielding a +0 whip (severely wounded, poisoned, 71% to hit)
The sting hits the orc.
The orc looks even sicker.
You kill the orc!
Casting: Sting (safe; 4% risk of failure)
Confirm with . or Enter, or press ? or * to list all spells.
Aiming: Sting (safe; 4% risk of failure)
Press: ? - help, Shift-Dir - straight line, f - orc priest
Aim: an orc priest, wielding a +0 falchion (71% to hit)
The sting hits the orc priest.
The orc priest is poisoned.
The orc priest is lightly wounded.
The orc priest invokes the aid of Beogh against you.
Pain shoots through your body!
You die...

####### #≈≈≈≈≈#
########≈###≈########
.........'_#≈........
#.......≈###≈########
.#########.≈≈≈≈≈........
......o@......†.....####
########....############
## ##..##.............
....##..###..........###
#.....###.............
.....##...............##
##### #####..........##
#..........###
#####.............


You could see an orc priest (poisoned).

Vanquished Creatures
  3 adders (D:2)
  2 worms (D:2)
  3 dart slugs
  6 orcs (D:4)
  6 endoplasms
  3 giant cockroaches
  2 goblins
  7 hobgoblins
  6 jackals
  3 quokkas
  6 ball pythons
  3 bats
  9 frilled lizards
  3 kobolds
  4 rats
66 creatures vanquished.

Vanquished Creatures (others)
  37 plants
37 creatures vanquished.

Grand Total: 103 creatures vanquished

Notes
Turn   | Place    | Note
-------+----------+-------------------------------------------
     0 | D:1      | vvl the Demonspawn Venom Mage began the quest for the Orb.
     0 | D:1      | Reached XP level 1. HP: 13/13 MP: 3/3
    71 | D:1      | Reached skill level 1 in Transmutations
   397 | D:1      | Gained mutation: You are surrounded by a mild repulsion
                  | field. (EV +2) [demonic ancestry]
   397 | D:1      | Reached XP level 2. HP: 19/19 MP: 1/5
  1515 | D:2      | Reached XP level 3. HP: 23/24 MP: 3/6
  1985 | D:2      | Found a faded altar of an unknown god.
  2130 | D:2      | Reached skill level 4 in Poison Magic
  2130 | D:2      | Gained mutation: You are surrounded by a moderate repulsion
                  | field. (EV +3) [demonic ancestry]
  2130 | D:2      | Reached XP level 4. HP: 30/30 MP: 3/7
  2753 | D:3      | Identified the +7 war axe of the Skies Above {holy, Will+
                  | Str+4}
  2765 | D:3      | Found a hide-covered altar of Uskayaw.
  3860 | D:4      | Found an ancient bone altar of Kikubaaqudgha.
  3876 | D:4      | Killed from afar by an orc priest

Illustrated notes

Levels and vault maps discovered:
D:1:      lightli_arrival_boilingwater, layout_basic, serial_corexii_hall,
          corexii_hall_statues_i, corexii_hall_statues_deadend
D:2:      minmay_evil_eye, layout_basic, chequers_ecumenical_altar_simple
D:3:      layout_basic, mainiacjoe_overflow_paths, minmay_lizard_king
D:4:      layout_rooms, kennysheep_mini_moat, gammafunk_ghost_smash,
          serial_bayou_ford_a, serial_bayou_lagoon_a, hangedman_decor_push,
          nicolae_elevator_lobby_asterisk

Skill      XL: |  1  2  3  4 |
---------------+-------------+-----
Transmutations | 1 2 |  2.1
Dodging        | 2 |  2.0
Stealth        | 2 |  2.0
Poison Magic   | 4 |  4.2
Spellcasting   | |  2.7

Action                   |  1- 3 |  4- 6 || total
-------------------------+-------+-------++-------
Melee: Unarmed           |    40 |       ||    40
       Punch             |     2 |     2 ||     4
       Short sword       |    70 |    47 ||   117
 Cast: Sting             |    49 |    49 ||    98
 Stab: Sleeping          |     2 |       ||     2
Armor: Robe              |    47 |    20 ||    67
Dodge: Dodged            |   125 |    44 ||   169
